Map: Kairos Junction LE

Players

Lambo - Winner!

  • Race: Zerg Zerg
  • League: Grandmaster
  • Spawn Location: 11:00

IIIIIIIIIIII (HateMe)

  • Race: Zerg Zerg
  • Spawn Location: 5:00

VOD

Have the link to the VOD?

Description

Time

  • Played on: Feb. 10, 2019, 6:59 a.m.
  • Length: 5:55
Show
View Real Time Build Order
Export as new Build Order

Lambo Zerg - Winner!

Build Orders: Hatch First 

Get SALT Encoding   

  12  0:01  Drone  
  13  0:12  Overlord  
  13  0:16  Drone  
  14  0:30  Drone x2  
  16  0:48  Hatchery  
  15  0:51  Drone  
  15  0:56  Drone  
  17  1:00  Drone  
  18  1:11  Extractor  
  17  1:15  Spawning Pool  
  17  1:17  Drone  
  17  1:20  Drone  
  18  1:28  Drone  
  19  1:40  Drone  
  20  1:52  Overlord  
  20  2:01  Queen  
  20  2:02  Queen  
  20  2:03  Drone x2  
  26  2:11  Metabolic Boost  
  26  2:15  Drone x2  
  28  2:22  Drone x2  
  30  2:33  Zergling x4  
  32  2:40  Hatchery  
  32  2:44  Drone x2  
  33  2:55  Overlord  
  33  2:57  Zergling x2  
  34  3:07  Zergling x4  
  34  3:10  Roach Warren  
  34  3:11  Zergling x2  
  36  3:13  Zergling x6  
  36  3:14  Zergling x2  
  36  3:17  Overlord  
  40  3:23  Baneling Nest  
  39  3:27  Overlord  
  36  4:05  Roach x9  
  36  4:06  Queen  
  56  4:10  Roach  
  57  4:17  Roach, Overlord  
  57  4:22  Overlord  
  59  4:26  Zergling x4  
  59  4:31  Zergling x4  
  63  4:37  Baneling x2  
  63  4:38  Zergling x4  
  65  4:40  Zergling x2  
  65  4:44  Baneling  
  66  4:47  Zergling x4  
  66  4:51  Zergling x4  
  70  4:54  Baneling  
  70  4:59  Zergling x6  
  73  5:05  Zergling x2  
  73  5:06  Zergling x2  
  75  5:10  Zergling x4  
  75  5:12  Baneling x2  
  75  5:17  Zergling x6  
  73  5:23  Zergling x4  
  73  5:28  Zergling x4  
  74  5:31  Zergling x2  
  74  5:34  Zergling x4  
  72  5:37  Zergling x2  
  72  5:40  Ravager  
Show
View Real Time Build Order
Export as new Build Order

IIIIIIIIIIII Zerg 

Build Orders: Hatch First 

Get SALT Encoding   

  12  0:00  Drone  
  13  0:13  Overlord  
  13  0:18  Drone  
  14  0:32  Drone  
  14  0:33  Drone  
  16  0:49  Hatchery  
  15  0:51  Drone  
  15  0:55  Drone  
  17  0:58  Drone  
  18  1:08  Extractor  
  17  1:13  Spawning Pool  
  17  1:16  Drone  
  17  1:19  Drone  
  18  1:29  Drone  
  19  1:40  Drone  
  20  1:51  Drone  
  21  2:00  Queen  
  21  2:01  Queen  
  25  2:02  Overlord  
  25  2:03  Zergling x2  
  26  2:13  Metabolic Boost  
  26  2:14  Drone  
  27  2:16  Drone  
  28  2:25  Drone  
  28  2:26  Drone  
  30  2:38  Drone  
  30  2:39  Drone, Hatchery  
  32  2:44  Drone x2  
  33  2:52  Baneling Nest  
  33  2:54  Overlord  
  32  2:59  Drone  
  33  3:06  Zergling x4  
  33  3:10  Zergling x2  
  36  3:13  Overlord  
  36  3:14  Drone x3  
  36  3:15  Drone  
  36  3:19  Drone  
  41  3:24  Queen  
  43  3:30  Drone  
  43  3:31  Evolution Chamber  
  43  3:36  Baneling  
  43  3:38  Zergling x4  
  43  3:39  Baneling  
  43  3:41  Baneling  
  45  3:45  Zergling x10  
  49  3:52  Zergling x8  
  51  4:03  Baneling  
  51  4:06  Drone x2  
  51  4:07  Drone x2  
  55  4:11  Roach Warren  
  53  4:17  Overlord x2  
  53  4:20  Overlord  
  53  4:21  Drone x2  
  55  4:28  Drone x2  
  55  4:31  Extractor  
  56  4:32  Extractor  
  56  4:37  Overlord x2  
  55  4:51  Roach x3  
  55  4:52  Roach x5  
  71  5:01  Roach  
  65  5:15  Roach x2  
  65  5:20  Zergling x22  
  65  5:21  Zergling x2  
  69  5:32  Roach  
  69  5:33  Zergling x2  
Tags
 
Add a new tag
Caveats
  • Supply blocks, unpowered buildings, or Contaminate may cause inaccurate times.
  • Supply counts are checked every 10 seconds.